Map: Vallée des cactus EC

Players

denrei - Winner!

  • Race: Zerg Zerg
  • League: Grandmaster

AgCl

  • Race: Protoss Protoss
  • League: Grandmaster

VOD

Have the link to the VOD?

Description

Time

  • Played on: July 12, 2015, 6:45 p.m.
  • Length: 4:53
Show
View Real Time Build Order
Export as new Build Order

denrei Zerg - Winner!

Build Orders: Hatch First 

Get SALT Encoding   

  12  0:02  Drone  
  13  0:08  Drone  
  14  0:37  Hatchery  
  14  0:38  Drone  
  14  0:54  Spawning Pool  
  13  0:57  Drone  
  14  1:07  Overlord  
  14  1:10  Extractor  
  13  1:11  Drone  
  14  1:25  Drone  
  15  1:26  Drone  
  16  1:34  Drone  
  17  1:49  Queen, Extractor  
  17  1:50  Drone  
  17  1:52  Drone x2  
  21  2:06  Drone  
  22  2:13  Drone  
  23  2:16  Drone x2  
  23  2:19  Metabolic Boost  
  25  2:23  Overlord  
  25  2:30  Drone  
  26  2:39  Zergling x2  
  26  2:40  Zergling x2  
  28  2:49  Zergling x2  
  29  2:53  Zergling x2  
  29  2:56  Zergling x2  
  31  2:59  Zergling x2  
  31  3:00  Queen  
  31  3:03  Overlord  
  34  3:12  Drone x2  
  36  3:17  Overlord  
  36  3:23  Zergling x6  
  38  3:34  Zergling x2  
  38  3:35  Zergling x6  
  42  3:42  Zergling x2  
  42  3:43  Zergling x4  
  43  3:50  Zergling x2  
  44  4:03  Zergling x4  
  44  4:04  Zergling x2  
  46  4:10  Drone  
Show
View Real Time Build Order
Export as new Build Order

AgCl Protoss 

Build Orders: Oracle Opening 

Get SALT Encoding   

  12  0:02  Probe  
  13  0:22  Probe  
  13  0:28  Pylon  
  14  0:51  Probe (Chrono Boost), Gateway  
  15  1:02  Probe (Chrono Boost)  
  16  1:06  Assimilator  
  16  1:07  Assimilator  
  16  1:08  Probe (Chrono Boost)  
  17  1:20  Probe (Chrono Boost)  
  18  1:32  Probe (Chrono Boost)  
  19  1:38  Zealot (Chrono Boost)  
  22  1:41  Probe (Chrono Boost)  
  22  1:53  Cybernetics Core  
  22  2:01  Pylon  
  22  2:06  Nexus  
  22  2:19  Probe (Chrono Boost)  
  24  2:31  Probe (Chrono Boost)  
  24  2:36  Stargate  
  24  2:37  Probe (Chrono Boost)  
  25  2:48  Probe (Chrono Boost)  
  26  2:58  Mothership Core (Chrono Boost)  
  26  3:07  Pylon  
  26  3:14  Assimilator  
  26  3:18  Probe (Chrono Boost)  
  26  3:19  Probe (Chrono Boost)  
  28  3:25  Oracle (Chrono Boost)  
  32  3:29  Probe (Chrono Boost)  
  32  3:30  Probe (Chrono Boost)  
  33  3:39  Probe  
  33  3:43  Probe  
  34  3:51  Probe  
  35  3:55  Probe  
  34  4:03  Probe  
  21  4:35  Probe  
Tags
 
Add a new tag
Caveats
  • Supply blocks, unpowered buildings, or Contaminate may cause inaccurate times.
  • Supply counts are checked every 10 seconds.